 Dungeon Crawl Stone Soup version 0.25-a0-156-g0c4bda3fdf (webtiles) character file.

Game seed: 2497699302670130052, levelgen mode: deterministic

761 Leeroy the Slasher (level 7, 0/55 HPs)
             Began as a Pale Draconian Skald on Nov 20, 2019.
             Slain by a sky beast (5 damage)
             ... on level 5 of the Dungeon.
             The game lasted 00:11:36 (4632 turns).

Leeroy the Slasher (Pale Draconian Skald)           Turns: 4632, Time: 00:11:37

Health: 0/55       AC:  3    Str: 19    XL:     7   Next: 51%
Magic:  10/10      EV: 13    Int: 13    God:
Gold:   153        SH:  0    Dex: 16    Spells: 1/10 levels left

rFire    . . .     SeeInvis .   a - +0 falchion
rCold    . . .     Gourm    .   (no shield)
rNeg     . . .     Faith    .   (armour unavailable)
rPois    .         Spirit   .   (helmet restricted)
rElec    .         Reflect  .   (no cloak)
rCorr    .         Harm     .   i - +0 pair of gloves
MR       .....                  (no boots)
Stlth    +.........             (no amulet)
HPRegen  0.18/turn              b - +6 ring of strength
MPRegen  0.12/turn              u - +3 ring of dexterity

@: corroded
A: breathe steam, unfitting armour, cold-blooded, AC +6
a: Breathe Steam


You were on level 5 of the Dungeon.
You were very hungry.

You visited 1 branch of the dungeon, and saw 7 of its levels.
You also visited: Ossuary.

You collected 153 gold pieces.

Inventory:

Hand Weapons
 a - a +0 falchion (weapon)
 m - a +0 dagger
Missiles
 t - 8 boomerangs (quivered)
Armour
 i - a +0 pair of gloves (worn)
Jewellery
 b - a +6 ring of strength (left hand)
 h - an uncursed ring of protection from cold
 l - an uncursed ring of ice
 u - a +3 ring of dexterity (right hand)
Scrolls
 d - 2 scrolls of fog {unknown}
 g - 2 scrolls of blinking {unknown}
 j - a scroll of summoning {unknown}
 n - 2 scrolls of teleportation {unknown}
 p - 3 scrolls of remove curse {unknown}
 s - a scroll of enchant weapon {unknown}
 w - 2 scrolls of amnesia {unknown}
 y - 3 scrolls of random uselessness {unknown}
 A - a scroll of fear {unknown}
 C - a scroll of enchant armour {unknown}
 D - a scroll of identify
 E - a scroll of brand weapon {unknown}
 F - a scroll of vulnerability {unknown}
 G - a scroll of acquirement {unknown}
Potions
 e - 2 potions of ambrosia {unknown}
 f - 3 potions of curing {unknown}
 k - 5 potions of heal wounds {unknown}
 o - a potion of cancellation {unknown}
 q - a potion of might {unknown}
 r - a potion of berserk rage {unknown}
 v - a potion of resistance {unknown}
 x - a potion of invisibility {unknown}
 z - a potion of mutation {unknown}
 B - 2 potions of flight {unknown}
 H - a potion of magic {unknown}
 I - a potion of degeneration {unknown}
Comestibles
 c - 5 rations


   Skills:
 - Level 2.2 Fighting
 - Level 7.0 Long Blades
 - Level 2.1 Dodging
 - Level 2.0 Spellcasting
 - Level 2.6 Charms
 + Level 4.7 Translocations


You had one spell level left.
You knew the following spells:

 Your Spells              Type           Power        Failure   Level  Hunger
a - Infusion              Chrm           #...         9%          1    ##.....
b - Spectral Weapon       Hex/Chrm       #.......     41%         3    ####...
c - Regeneration          Chrm/Necr      #.........   41%         3    ####...
d - Blink                 Tloc           N/A          5%          2    ###....

Your spell library contained the following spells:

 Spells                   Type           Power        Failure   Level  Hunger
 Magic Dart               Conj           #...         26%         1    ##.....
 Shroud of Golubria       Chrm/Tloc      ##....       9%          2    ###....
 Song of Slaying          Chrm           #.......     13%         2    ###....
 Call Imp                 Summ           #.......     36%         2    ###....
 Slow                     Hex            #.......     36%         2    ###....
 Conjure Flame            Conj/Fire      #.......     58%         3    ####...
 Mephitic Cloud           Conj/Pois/Air  #.......     58%         3    ####...


Dungeon Overview and Level Annotations

Branches:
Dungeon (7/15)            Ossuary (visited)
 Temple: D:4-7

Altars:


Innate Abilities, Weirdness & Mutations

You can breathe blasts of scalding, opaque steam.
Your pale cyan-grey scales are hard. (AC +6)
You cannot fit into any form of body armour.
You are cold-blooded and may be slowed by cold attacks.


Message History

An ogre comes into view. It is wielding a +0 giant club.
The quokka zombie closely misses you.
You riposte.
You hit the quokka zombie but do no damage.
The orc hits you but does no damage. The sky beast barely misses you.
You riposte.
You hit the sky beast but do no damage. The jelly misses you.
The quokka zombie bites you but does no damage.
There is a stone staircase leading up here.
You hit the quokka zombie. You tail-slap the quokka zombie.
The quokka zombie is moderately damaged.
The orc hits you with a +0 dagger.
The sky beast hits you but does no damage.
The jelly hits you. The acid corrodes you!
You are splashed with acid!
* * * LOW HITPOINT WARNING * * *
The quokka zombie closely misses you. The orc hits you but does no damage.
The orc grunts repeatedly.
The sky beast hits you.
* * * LOW HITPOINT WARNING * * *
The sky beast shocks you.
You die...

.....[) .....
....... ......
#..... #.##.#
#.##.# #.##@### ###
#...oYZ# ....
#...J<.#####.
#.#.###............
#.#....#.....#####.
#.###........# #.#
#....O...#
#.###.....##.# #
#.........##.## .##


You could see a sky beast, an ogre, a jelly, an orc and a quokka zombie.

Vanquished Creatures
  An ice beast (D:5)
  An elf zombie (Ossuary)
  2 troll zombies (Ossuary)
  A howler monkey (D:4)
  2 centaur zombies (Ossuary)
  2 hounds
  2 human zombies (Ossuary)
  A worker ant (D:5)
  2 big kobold zombies (Ossuary)
  An ogre zombie (Ossuary)
  7 mummies (Ossuary)
  2 adders (D:2)
  A shadow imp (D:5)
  An ooze (D:1)
  4 adder zombies (Ossuary)
  An adder skeleton (D:5)
  A worm (D:3)
  2 leopard geckos
  2 orcs
  15 bats
  2 giant cockroaches
  2 hobgoblins (D:1)
  9 jackals
  3 quokkas
  A ball python (D:2)
  3 frilled lizards (D:2)
  A gnoll zombie (Ossuary)
  7 goblins
  3 goblin zombies (Ossuary)
  A hobgoblin zombie (Ossuary)
  7 kobolds
  5 kobold zombies (Ossuary)
  A leopard gecko skeleton (D:4)
  3 quokka zombies (Ossuary)
  3 rats
  3 rat zombies (Ossuary)
105 creatures vanquished.

Vanquished Creatures (others)
  2 spectral weapons (Ossuary)
2 creatures vanquished.

Grand Total: 107 creatures vanquished

Notes
Turn   | Place    | Note
-------+----------+-------------------------------------------
     0 | D:1      | Leeroy the Draconian Skald began the quest for the Orb.
     0 | D:1      | Reached XP level 1. HP: 17/17 MP: 3/3
   278 | D:1      | Reached XP level 2. HP: 14/24 MP: 5/5
   421 | D:1      | Reached skill level 3 in Long Blades
   702 | D:2      | Reached XP level 3. HP: 17/29 MP: 2/6
   961 | D:2      | Reached skill level 4 in Long Blades
  1261 | D:3      | Learned a level 3 spell: Spectral Weapon
  1302 | D:3      | Reached XP level 4. HP: 32/36 MP: 7/7
  1407 | D:3      | Learned a level 3 spell: Regeneration
  1867 | D:4      | Reached skill level 5 in Long Blades
  2000 | D:4      | You fall into a shaft and drop 3 floors!
  2004 | D:7      | Noticed a centaur
  2012 | D:7      | Noticed an ice beast
  2213 | D:6      | Noticed an ogre
  2220 | D:5      | Entered Level 5 of the Dungeon
  2330 | D:5      | Reached XP level 5. HP: 14/41 MP: 1/8
  2347 | D:5      | Noticed an ice beast
  2373 | D:5      | Noticed a sky beast
  2374 | D:5      | Found a sand-covered staircase.
  2380 | Ossuary  | Entered an ossuary
  2715 | Ossuary  | Reached skill level 6 in Long Blades
  2930 | Ossuary  | Reached XP level 6. HP: 21/48 MP: 7/9
  3935 | Ossuary  | Reached skill level 7 in Long Blades
  3968 | Ossuary  | Learned a level 2 spell: Blink
  3990 | Ossuary  | Reached skill level 1 in Translocations
  4117 | Ossuary  | Your scales start taking on a pale cyan-grey colour.
  4117 | Ossuary  | Reached XP level 7. HP: 20/55 MP: 4/10
  4632 | D:5      | Slain by a sky beast

Levels and vault maps discovered:
D:1:      dpeg_arrival_leaves_temple_mockup, layout_basic,
          minmay_split_cup_large
D:2:      layout_basic, st_stairs_3
D:3:      layout_basic, first_ration
D:4:      corexii_shack_village, layout_gridville,
          nicolae_overflow_crystal_walls, lemuel_doored_altar,
          minmay_temple_entry_enclosed_plants, uniq_duvessa, uniq_ijyb,
          uniq_blork_the_orc
D:5:      layout_loops_ring, kennysheep_little_box, serial_shops,
          nicolae_shop_overgrown_old_shop, nicolae_ossuary_entry_plus,
          tgw_fedhas
D:6:      minmay_razor_zed, layout_basic, kennysheep_mini_moat,
          nemelex_altar_shiori, uniq_grinder
D:7:      layout_rooms, grunt_temple_overflow_bloody_war, marbit_many_paths,
          chequers_temple_overflow_statue_of_worship,
          nicolae_tso_swordbearing_angel, uniq_harold

Skill      XL: |  1  2  3  4  5  6  7 |
---------------+----------------------+-----
Long Blades    | 3 4 5 6 7 |  7.0
Translocations | 2 4 |  4.7
Fighting       | |  2.2
Dodging        | |  2.1
Spellcasting   | |  2.0
Charms         | |  2.6

Action                   |  1- 3 |  4- 6 |  7- 9 || total
-------------------------+-------+-------+-------++-------
Melee: Falchion          |   143 |   287 |    21 ||   451
       Tailslap          |    12 |    50 |     6 ||    68
Throw: Boomerang         |       |     5 |       ||     5
 Cast: Infusion          |     1 |       |       ||     1
       Spectral Weapon   |       |     9 |     2 ||    11
       Regeneration      |       |     3 |       ||     3
 Abil: Breathe Steam     |       |       |     3 ||     3
  Use: Scroll            |       |     3 |       ||     3
 Stab: Sleeping          |     1 |     3 |       ||     4
  Eat: Chunk             |     1 |     3 |     1 ||     5
       Ration            |       |     3 |       ||     3
Armor: Skin              |    73 |    72 |    13 ||   158
Dodge: Dodged            |   144 |   151 |    18 ||   313
       Rpst.: Falchion   |    46 |    51 |     5 ||   102

Table legend:
 A = Non-vault XP
 B = Vault XP
 C = Vault XP percentage of total XP
 D = Non-vault monster count
 E = Vault monster count
 F = Vault count percentage of total count
                 A         B        C        D         E       F
            +---------+---------+-------+---------+---------+-------
      Total |     439 |     649 |  59.7 |      61 |      44 |  41.9
            +---------+---------+-------+---------+---------+-------
        D:1 |      33 |       4 |  10.8 |      17 |       4 |  19.0
        D:2 |      41 |       3 |   6.8 |      13 |       2 |  13.3
        D:3 |      40 |       0 |   0.0 |      19 |       0 |   0.0
        D:4 |      96 |       3 |   3.0 |       5 |       1 |  16.7
        D:5 |     226 |       0 |   0.0 |       6 |       0 |   0.0
        D:6 |       3 |       0 |   0.0 |       1 |       0 |   0.0
    Ossuary |       0 |     639 | 100.0 |       0 |      37 | 100.0
            +---------+---------+-------+---------+---------+-------
